 Dungeon Crawl Stone Soup version 0.21.0 (webtiles) character file.

72 komo4ek the Ruffian (level 4, -1/36 HPs)
             Began as a Draconian Transmuter on Jan 7, 2018.
             Slain by a hobgoblin (4 damage)
             ... on level 2 of the Dungeon.
             The game lasted 00:04:22 (907 turns).

komo4ek the Ruffian (Draconian Transmuter)           Turns: 907, Time: 00:04:23

Health: -1/36      AC:  8    Str: 13    XL:     4   Next: 7%
Magic:  6/7        EV: 12    Int: 13    God:
Gold:   63         SH:  0    Dex: 12    Spells: 7/8 levels left

rFire    . . .     SeeInvis .     - Unarmed
rCold    . . .     Gourm    .   (no shield)
rNeg     . . .     Faith    .   (armour unavailable)
rPois    .         Spirit   .   (helmet restricted)
rElec    .         Reflect  .   e - +2 cloak
rCorr    .         Harm     .   (no gloves)
MR       .....                  (boots currently unavailable)
Stlth    +.........             (no amulet)
HPRegen  0.12/turn              (no ring)
MPRegen  0.10/turn              (no ring)

@: appendage (expiring)
A: unfitting armour, talons 3, cold-blooded, AC +5
a: End Transformation


You were on level 2 of the Dungeon.
You were not hungry.
You had grown temporary talons.
You visited 1 branch of the dungeon, and saw 2 of its levels.

You collected 63 gold pieces.

Inventory:

Missiles
 a - 33 arrows
Armour
 e - a +2 cloak (worn)
Jewellery
 f - an uncursed ring of protection from fire {unknown}
Scrolls
 h - 2 scrolls of remove curse {unknown}
Potions
 d - a potion of curing {unknown}
 g - a potion of mutation {unknown}
 i - a potion of brilliance {unknown}
Books
 b - a book of Changes

   Spells                             Type                      Level
   a - Beastly Appendage              Transmutation                1
   b - Sticks to Snakes               Transmutation                2
   c - Spider Form                    Transmutation/Poison         3
   d - Ice Form                       Ice/Transmutation            4
   e - Blade Hands                    Transmutation                5
Comestibles
 c - 4 rations


   Skills:
 + Level 2.1 Fighting
 - Level 1.7 Dodging
 * Level 3.9 Unarmed Combat
 + Level 2.5 Spellcasting
 + Level 2.6 Transmutations


You had 7 spell levels left.
You knew the following spells:

 Your Spells              Type           Power        Failure   Level  Hunger
a - Beastly Appendage     Tmut           #.....       9%          1    #......


Dungeon Overview and Level Annotations

Branches:
Dungeon (2/15)

Altars:


Innate Abilities, Weirdness & Mutations

Your plain brown scales are hard. (AC +5)
You cannot fit into any form of body armour.
You are cold-blooded and may be slowed by cold attacks.
You have claws for feet.


Message History

Natasha howls an incantation.
You feel disoriented. Natasha claws you.
* * * LOW HITPOINT WARNING * * *
The hobgoblin hits you.
* * * LOW HITPOINT WARNING * * *
You barely miss Natasha. You tail-slap Natasha.
Natasha is almost dead.
The hobgoblin hits you.
* * * LOW HITPOINT WARNING * * *
Natasha claws you but does no damage.
The hobgoblin hits you but does no damage.
You hit Natasha.
You kill Natasha!
Natasha yowls pathetically as she dies!
Your Fighting skill increases to level 2!
You have reached level 4!
You feel agile. The hobgoblin hits you.
You die...

. .......## ...
.........# .#
..........### #
#..........#. ...
............ ###
##..........#
##.....!....g.# ##
#..# #......g@#
.###.# ##.....$#
.##..######......#
.................#
..#########......#
.........##......##
......>...)..†....#
###......####.....#
#......# #...#...


You could see 2 hobgoblins.

Vanquished Creatures
  Natasha (D:2)
  An adder (D:2)
  A dart slug (D:2)
  2 leopard geckos (D:1)
  3 goblins (D:1)
  2 hobgoblins (D:1)
  7 bats
  6 frilled lizards
  8 kobolds
  6 rats
37 creatures vanquished.

Notes
Turn   | Place    | Note
-------+----------+-------------------------------------------
     0 | D:1      | komo4ek the Draconian Transmuter began the quest for the Orb.
     0 | D:1      | Reached XP level 1. HP: 16/16 MP: 3/3
   206 | D:1      | Reached XP level 2. HP: 20/23 MP: 3/5
   681 | D:1      | Reached XP level 3. HP: 23/29 MP: 4/6
   895 | D:2      | Noticed Natasha
   907 | D:2      | Killed Natasha
   907 | D:2      | Reached XP level 4. HP: 2/36 MP: 5/7
   907 | D:2      | Slain by a hobgoblin

Skill      XL: |  1  2  3 |
---------------+----------+-----
Fighting       | 2 |  2.1
Dodging        | |  1.7
Unarmed Combat | |  3.9
Spellcasting   | |  2.5
Transmutations | |  2.6

Action                   |  1- 3 |  4- 6 || total
-------------------------+-------+-------++-------
Melee: Unarmed           |   117 |       ||   117
       Tailslap          |     6 |       ||     6
       Headbutt          |     1 |       ||     1
       Kick              |     5 |       ||     5
 Cast: Beastly Appendage |     5 |       ||     5
 Stab: Sleeping          |     1 |       ||     1
Armor: Skin              |    66 |       ||    66
Dodge: Dodged            |   126 |       ||   126
